 Dungeon Crawl Stone Soup version 0.30-a0-857-gcaf70739d4 (webtiles) character file.

Game seed: 6247473499545237796

9 Esekla the Sneak (level 2, 11/21 HPs)
             Began as an Octopode Delver on Mar 6, 2023.
             Quit the game on level 5 of the Dungeon.
             The game lasted 00:01:07 (71 turns).

Esekla the Sneak (Octopode Delver)                    Turns: 71, Time: 00:01:07

Health: 11/21      AC:  1    Str: 11    XL:     2   Next: 12%
Magic:  2/2        EV: 13    Int: 12    God:
Gold:   22         SH:  0    Dex: 13    Spells: 1/1 levels left

rFire   . . .      SeeInvis .    a - +0 falchion
rCold   . . .      Faith    .    (no shield)
rNeg    . . .      Spirit   .    (helmet restricted)
rPois   .          Reflect  .    (no amulet)
rElec   .          Rampage  .    (no ring)
rCorr   .                        (no ring)
Will    .....                    (no ring)
Stlth   ++++                     (no ring)
HPRegen 0.23/turn                (no ring)
MPRegen 0.08/turn                (no ring)
                                 (no ring)
                                 (no ring)

@: hasted, studying Fire Magic, very quick
A: almost no armour, amphibious, 8 rings, camouflage 1, gelatinous body 1,
(nimble swimmer 1), tentacles
a: no special abilities


You were on level 5 of the Dungeon.
You visited 1 branch of the dungeon, and saw 1 of its levels.

You collected 22 gold pieces.

Inventory:

Hand Weapons
 a - a +0 falchion (weapon)
Wands
 f - a wand of digging (3)
Scrolls
 b - a scroll of fog
 d - a scroll of fear


   Skills:
 + Level 3.0 Fighting
 + Level 2.0 Long Blades
 + Level 2.0 Dodging
 + Level 7.1 Stealth


You had one spell level left.
You didn't know any spells.
Your spell library was empty.

Dungeon Overview and Level Annotations

Branches:
Dungeon (5/15)
 Temple: D:4-7

Altars:
Fedhas

Shops:
D:5 *


Innate Abilities, Weirdness & Mutations

You cannot wear most types of armour.
You are amphibious.
You can wear up to eight rings at the same time.
Your skin changes colour to match your surroundings (Stealth+).
Your rubbery body absorbs attacks. (AC +1, EV +1)
((You are camouflaged when in or above water. (Stealth+)))
You have tentacles for arms and can constrict up to eight enemies at once.


Message History

Found 5 stones.
Found a blossoming altar of Fedhas.
Found 13 gold pieces.
The adder hisses angrily.
Found a scroll labelled VOAGAN QOMMOR.
You see here 13 gold pieces.
You now have 22 gold pieces (gained 13).
You feel yourself speed up. The adder closely misses you. The adder bites you.
The adder bites you.
You slash the adder! Your grab misses the adder.
The adder is severely wounded.
The adder closely misses you.
You miss the adder. You grab the adder.
The adder is severely wounded.
You constrict the adder. The adder bites you.
You are poisoned.
The adder poisons you!
You hit the adder.
You kill the adder!
You feel sick.
Your Stealth skill increases to level 7!
You have reached level 2!
You feel sick.
You feel sick. 3 orcs and an orc wizard come into view.
Found a mace and a glowing scarf.
You feel sick.
The orc shouts!
The orc wizard shouts!
A hound comes into view.
The orc wizard casts a spell at you. You resist with significant effort.
The orc shouts!
The hound barks!
The orc shouts!
You feel sick.
You are no longer poisoned.
Found Bootuk's General Store.
There is an entrance to Bootuk's General Store here.
Found a leather armour.
An orc comes into view. It is wielding a +0 falchion.
Are you sure you want to abandon this character and quit the game? (Confirm with "yes".)

###### *####* #.@..# ##...,# **
***** #.##.# #...#.# *,
,,,,*****######.##.#####...#.##*,
,,,,**,,.........♣.......P.....,>
,>,,,,,,...####♣.∩.♣####.P.#****,
,,,,******,,#....♣.......P.#,***,
,,,,*******,#..##.######WP.#,,,*,
,,,,,,,,,,,,#..,#.#*** #...#,*,*,
,,,,*******,#.*<#.o,,* #...#,,,..


There were no monsters in sight!

Vanquished Creatures
  An adder (D:5)
1 creature vanquished.

Notes
Turn   | Place    | Note
-------+----------+-------------------------------------------
     0 | D:5      | Esekla the Octopode Delver began the quest for the Orb.
     0 | D:5      | Reached XP level 1. HP: 16/16 MP: 1/1
    28 | D:5      | Noticed a phantom
    31 | D:5      | Found a blossoming altar of Fedhas.
    48 | D:5      | Reached skill level 7 in Stealth
    48 | D:5      | Reached XP level 2. HP: 11/21 MP: 2/2
    59 | D:5      | Found Bootuk's General Store.
    71 | D:5      | Quit the game

Illustrated notes

Levels and vault maps discovered:
D:5:      layout_basic, mainiacjoe_overflow_boulevard, serial_shops,
          nicolae_shop_trees, minmay_manual_mail

Skill      XL: |  1 |
---------------+----+-----
Stealth        | 7 |  7.1
Fighting       | |  3.0
Long Blades    | |  2.0
Dodging        | |  2.0

Action                     || total
---------------------------++-------
  Melee: Falchion          ||     3
         Constrict         ||     1
    Use: Scroll            ||     1
         Potion            ||     1
  Dodge: Dodged            ||     2

Table legend: (Time is in decaauts)
 A = Elapsed time spent in this place.
 B = Non-inter-level travel time spent in this place.
 C = Inter-level travel time spent in this place.
 D = Time resting spent in this place.
 E = Time spent auto-exploring this place.
 F = Levels seen in this place.
 G = Mean time per level.
                   A        B        C        D        E       F      G
               +--------+--------+--------+--------+--------+-----+--------+
         Total |     60 |     60 |      0 |      0 |      0 |   1 |   60.0 |
       Dungeon |     60 |     60 |      0 |      0 |      0 |   1 |   60.0 |
               +--------+--------+--------+--------+--------+-----+--------+

Top non-repeatable levels by time:
     D:5: 60 daAuts
